 Dungeon Crawl Stone Soup version 0.23-a0-269-g65e0026 (webtiles) character file.

384 Amnesiac the Digger (level 7, -1/46 HPs)
             Began as a Human Earth Elementalist on Sept 30, 2018.
             Was an Initiate of Vehumet.
             Shot with an arrow by a centaur (5 damage)
             ... on level 5 of the Dungeon.
             The game lasted 00:06:10 (2024 turns).

Amnesiac the Digger (Human Earth Elementalist)      Turns: 2024, Time: 00:06:11

Health: -1/46      AC:  2    Str:  8    XL:     7   Next: 6%
Magic:  7/13       EV: 12    Int: 17    God:    Vehumet [......]
Gold:   113        SH:  0    Dex: 14    Spells: 8/14 levels left

rFire    . . .     SeeInvis .   h - +0 dagger (venom)
rCold    . . .     Gourm    .   (no shield)
rNeg     . . .     Faith    .   c - +0 robe
rPois    .         Spirit   .   (no helmet)
rElec    .         Reflect  .   (no cloak)
rCorr    +         Harm     .   (no gloves)
MR       .....                  (no boots)
Stlth    ++........             (no amulet)
HPRegen  0.15/turn              i - ring of resist corrosion
MPRegen  0.13/turn              (no ring)

@: no status effects
A: no striking features
a: Renounce Religion


You were on level 5 of the Dungeon.
You worshipped Vehumet.
Vehumet was noncommittal.
You were not hungry.

You visited 1 branch of the dungeon, and saw 5 of its levels.

You collected 113 gold pieces.

Inventory:

Hand Weapons
 h - a +0 dagger of venom (weapon)
Missiles
 b - 24 stones (quivered)
Armour
 c - a +0 robe (worn)
Jewellery
 i - a ring of resist corrosion (left hand)
Scrolls
 f - 3 scrolls of identify {!r, unknown}
 g - 2 scrolls of enchant weapon {!r, unknown}
 l - a scroll of remove curse {!r, unknown}
 m - a scroll of magic mapping {!r, unknown}
 q - a scroll of fear {!r, unknown}
 r - 2 scrolls of teleportation {!r, unknown}
Potions
 a - a potion of haste {!q, unknown}
 e - a potion of mutation {!q, unknown}
 j - 2 potions of curing {!q, unknown}
 n - 2 potions of heal wounds {!q, unknown}
 o - a potion of flight {!q, unknown}
 p - 2 potions of might {!q, unknown}
Comestibles
 d - 3 rations
 k - 7 chunks of flesh


   Skills:
 - Level 2.0 Dodging
 - Level 2.0 Stealth
 + Level 4.0 Spellcasting
 - Level 1.0 Transmutations
 * Level 6.3 Earth Magic


You had 8 spell levels left.
You knew the following spells:

 Your Spells              Type           Power        Failure   Level  Hunger
a - Sandblast             Erth           ###...       1%          1    None
b - Passwall              Tmut/Erth      ###.....     5%          2    ##.....
c - Stone Arrow           Conj/Erth      ##....       13%         3    ###....

Your spell library contained the following spells:

 Spells                   Type           Power        Failure   Level  Hunger
 Lee's Rapid Deconstruct  Erth           ###.......   32%         5    ######.
 Petrify                  Tmut/Erth      ###.....     34%         4    ####...


Dungeon Overview and Level Annotations

Branches:
Dungeon (5/15)
 Temple: D:4-7

Altars:
Vehumet


Message History

You now have 113 gold pieces (gained 11).
HP restored.
Some of the chunks of flesh in your inventory have rotted away.
Found a dagger.
A centaur comes into view.
A centaur is nearby!
What are your orders? t - Shout!
Orders for allies: a - Attack new target. r - Retreat! s - Stop attacking. g - Guard the area. f - Follow me.
Anything else - Cancel.
You shout for attention!
You hear a shout! x2; You hear an angry hiss.
You hear a shout! x2
You start resting.
Something unseen opens the door.
The centaur hits you. x2
Casting: Sandblast (safe; 1% risk of failure)
Confirm with . or Enter, or press ? or * to list all spells.
Aiming: Sandblast (safe; 1% risk of failure)
Press: ? - help, Shift-Dir - straight line, f - centaur
Aim: a centaur The blast of sand hits the centaur.
The centaur is heavily wounded.
b - 26 stones The centaur hits you.
* * * LOW HITPOINT WARNING * * *
Casting: Sandblast (safe; 1% risk of failure)
Confirm with . or Enter, or press ? or * to list all spells.
Aiming: Sandblast (safe; 1% risk of failure)
Press: ? - help, Shift-Dir - straight line, f/p - centaur
Aim: a centaur (heavily wounded)
The blast of sand hits the centaur.
The centaur is almost dead.
b - 25 stones The centaur hits you.
* * * LOW HITPOINT WARNING * * *
The centaur barely misses you.
Casting: Sandblast (safe; 1% risk of failure)
Confirm with . or Enter, or press ? or * to list all spells.
Aiming: Sandblast (safe; 1% risk of failure)
Press: ? - help, Shift-Dir - straight line, f/p - centaur
Aim: a centaur (almost dead)
The blast of sand hits the centaur.
You kill the centaur!
Vehumet accepts your kill.
Your Spellcasting skill increases to level 4!
You have reached level 7!
b - 24 stones An iguana and an ogre come into view.
The iguana hisses angrily.
A centaur comes into view.
Found a stone staircase leading up.
Things that are here:
a shortbow; 17 arrows; a centaur corpse You butcher the centaur corpse.
The ogre hits you with a giant club!
* * * LOW HITPOINT WARNING * * *
Items here: % ( ) รท a shortbow; 17 arrows; 6 chunks of flesh; a centaur skeleton
There are monsters nearby!
A worker ant zombie comes into view.
Okay, then.
The centaur wields a runed shortbow.
It bursts into flame!
The centaur shoots an arrow.
The arrow hits you.
You die...

#.(##.....##...+
#.)#.......#...#
#.)#.......#...# .
#......_......######..
#..#.......#..........
#..#.......#.........
#..##.....##.........
#..####.####....# ##+#
#.....@.O..)....####..#
#.#####................
#. #................
#.....c..........
#.....#.l...##...
#####+#.....##...
..........##..#
........c.##..#
#####..........


You could see an ogre and a centaur.

Vanquished Creatures
  2 centaurs (D:5)
  Blork the orc (D:5)
  A scorpion (D:4)
  An orc priest (D:3)
  A worker ant (D:4)
  An ooze (D:2)
  A dart slug (D:1)
  4 leopard geckos
  13 orcs
  2 giant cockroaches (D:1)
  7 goblins
  5 kobolds
  A quokka (D:4)
  A ball python (D:2)
  3 bats
  2 frilled lizards
  A quokka zombie (D:5)
  5 rats (D:1)
52 creatures vanquished.

Notes
Turn   | Place    | Note
-------+----------+-------------------------------------------
     0 | D:1      | Amnesiac the Human Earth Elementalist began the quest for
                  | the Orb.
     0 | D:1      | Reached XP level 1. HP: 13/13 MP: 3/3
   284 | D:1      | Reached XP level 2. HP: 19/19 MP: 3/5
   631 | D:2      | Learned a level 2 spell: Passwall
   642 | D:2      | Reached XP level 3. HP: 20/24 MP: 6/6
   804 | D:2      | Learned a level 3 spell: Stone Arrow
   982 | D:3      | Reached skill level 4 in Earth Magic
  1030 | D:3      | Reached XP level 4. HP: 26/30 MP: 1/7
  1211 | D:4      | Reached XP level 5. HP: 24/35 MP: 9/9
  1378 | D:4      | Reached skill level 5 in Earth Magic
  1924 | D:5      | Entered Level 5 of the Dungeon
  1945 | D:5      | Found a radiant altar of Vehumet.
  1946 | D:5      | Noticed Blork the orc
  1948 | D:5      | Noticed a centaur
  1960 | D:5      | Killed a centaur
  1960 | D:5      | Reached XP level 6. HP: 29/41 MP: 6/11
  1964 | D:5      | Killed Blork the orc
  1964 | D:5      | Reached skill level 6 in Earth Magic
  1976 | D:5      | Became a worshipper of Vehumet
  2007 | D:5      | Reached XP level 7. HP: 18/46 MP: 4/13
  2009 | D:5      | HP: 2/46 [ogre/giant club (16)]
  2024 | D:5      | Shot with an arrow by a centaur

Vault maps used:
D:1:      roderic_octagonal_star
D:2:      nicolae_overflow_crystal_walls, chequers_ecumenical_altar_simple_redux
D:3:      kennysheep_okawaru_gauntlet, serial_aquarium,
          aquarium_bridge_long_joined, aquarium_bridge_square,
          aquarium_window_double, aquarium_window_2, aquarium_view_2c,
          aquarium_view_2a, minmay_misc_feat_four_crosses, uniq_robin
D:4:      lemuel_crystal_altar, hangedman_glass_teeth, serial_bayou_pond_d
D:5:      old_standard_altar, overflow_temple_1_default, first_ration,
          minmay_lizard_king, uniq_grinder, uniq_blork_the_orc

Skill      XL: |  1  2  3  4  5  6 |
---------------+-------------------+-----
Earth Magic    | 4 5 6 |  6.3
Spellcasting   | 3 4 |  4.0
Dodging        | |  2.0
Stealth        | |  2.0
Transmutations | |  1.0

Action                   |  1- 3 |  4- 6 |  7- 9 || total
-------------------------+-------+-------+-------++-------
Melee: Unarmed           |     7 |       |       ||     7
       Dagger            |    61 |    36 |       ||    97
 Cast: Sandblast         |    20 |    22 |     1 ||    43
 Stab: Sleeping          |     1 |       |       ||     1
  Eat: Chunk             |     1 |     3 |       ||     4
Armor: Robe              |     9 |     1 |       ||    10
Dodge: Dodged            |    35 |    36 |       ||    71

Table legend:
 A = Non-vault XP
 B = Vault XP
 C = Vault XP percentage of total XP
 D = Non-vault monster count
 E = Vault monster count
 F = Vault count percentage of total count
                 A         B        C        D         E       F
            +---------+---------+-------+---------+---------+-------
      Total |     456 |      93 |  16.9 |      48 |       4 |   7.7
            +---------+---------+-------+---------+---------+-------
        D:1 |      31 |       0 |   0.0 |      18 |       0 |   0.0
        D:2 |      16 |       0 |   0.0 |       6 |       0 |   0.0
        D:3 |      70 |       6 |   7.9 |      12 |       3 |  20.0
        D:4 |     122 |       0 |   0.0 |       9 |       0 |   0.0
        D:5 |     217 |      87 |  28.6 |       3 |       1 |  25.0
            +---------+---------+-------+---------+---------+-------
